 Dungeon Crawl Stone Soup version 0.31-a0-960-g0fca184906 (webtiles) character file.

Game seed: 14768768178696512531

2468 gruber the Grappler (level 9, -2/81 HPs)
             Began as a Ghoul Monk on Oct 22, 2023.
             Was a Believer of Makhleb.
             Slain by a gnoll
             ... wielding a +0 halberd
             ... led by a gnoll sergeant
              (6 damage)
             ... on level 7 of the Dungeon.
             The game lasted 00:10:53 (6500 turns).

gruber the Grappler (Ghoul Monk)                    Turns: 6500, Time: 00:10:53

Health: -2/81      AC: 10    Str: 19    XL:     9   Next: 51%
Magic:  8/8        EV: 11    Int: 17    God:    Makhleb [**....]
Gold:   392        SH:  5    Dex: 11    Spells: 8/8 levels left

rFire   . .          .
                       - Unarmed
rCold   + . .        c - orb {light}
rNeg    + + +        C - +0 ring mail
rPois   ∞            g - +0 helmet
rElec   .            (no cloak)
rCorr   .            I - +2 pair of gloves
SInv    .            (no boots)
Will    .....        p - amulet of reflection Stlth
                     y - +6 ring of intelligence
HPRegen 0.00/turn    k - +6 ring of intelligence
MPRegen 0.11/turn

%: reflection
@: inhibited regen, glowing
A: claws 1, cold resistance 1, negative energy resistance 3, inhibited
regeneration, torment resistance 2, devour on kill
a: Renounce Religion, Minor Destruction


You were on level 7 of the Dungeon.
You worshipped Makhleb.
Makhleb was pleased with you.
You visited 2 branches of the dungeon, and saw 8 of its levels.
You also visited: Ossuary.

You collected 392 gold pieces.

Inventory:

Hand Weapons
 t - a +3 arbalest
Missiles
 f - 13 poisoned darts
Armour
 c - an orb of light (worn)
 g - a +0 helmet (worn)
 w - a +0 buckler
 C - a +0 ring mail (worn)
 I - a +2 pair of gloves (worn)
Jewellery
 k - a +6 ring of intelligence (right hand)
 p - an amulet of reflection (around neck)
 y - a +6 ring of intelligence (left hand)
Wands
 a - a wand of charming (4)
 F - a wand of flame (16)
 H - a wand of mindburst (9)
Scrolls
 d - a scroll of identify
 h - a scroll of brand weapon {unknown}
 j - 2 scrolls of revelation {unknown}
 l - a scroll of enchant armour {unknown}
 m - 3 scrolls of enchant weapon {unknown}
 n - a scroll of vulnerability {unknown}
 q - 3 scrolls of poison {unknown}
 r - 2 scrolls of blinking {unknown}
 s - a scroll of noise {unknown}
 u - a scroll of amnesia {unknown}
 x - a scroll of torment {unknown}
 z - a scroll of immolation {unknown}
 A - 4 scrolls of teleportation {unknown}
 E - a scroll of fear {unknown}
Potions
 b - 2 potions of ambrosia
 e - 2 potions of cancellation
 i - a potion of haste
 o - 4 potions of enlightenment
 v - a potion of might
 B - a potion of invisibility
 D - a potion of heal wounds
 G - a potion of resistance {unknown}


   Skills:
 - Level 8.1 Fighting
 * Level 5.4 Armour
 - Level 2.6 Dodging
 - Level 10.0 Unarmed Combat


You had 8 spell levels left.
You didn't know any spells.
Your spell library contained the following spells:

 Spells                   Type           Power      Damage    Failure   Level
 Kiss of Death            Conj/Necr      0%         2d5       36%         1
 Lesser Beckoning         Tloc           0%         N/A       50%         2
 Confusing Touch          Hex            0%         N/A       75%         3
 Gell's Gravitas          Tloc           0%         N/A       75%         3
 Hailstorm                Conj/Ice       0%         3d3       75%         3
 Teleport Other           Tloc           0%         N/A       75%         3
 Dispel Undead            Necr           0%         3d6       98%         4
 Summon Ice Beast         Ice/Summ       0%         N/A       98%         4
 Simulacrum               Ice/Necr       0%         N/A       100%        6


Dungeon Overview and Level Annotations

Branches:
Dungeon (7/15)             Temple (1/1) D:7         Ossuary (visited)

Altars:
Ashenzari
Dithmenos
Fedhas
Gozag
Hepliaklqana
Kikubaaqudgha
Makhleb
Nemelex Xobeh
Okawaru
Qazlal
Ru
Sif Muna
Trog
Uskayaw
Vehumet
Wu Jian
Xom
Yredelemnul


Innate Abilities, Weirdness & Mutations

You are immune to poison.
You have sharp fingernails.
Your flesh is cold resistant. (rC+)
You are immune to negative energy. (rN+++)
You do not regenerate when monsters are visible.
You are immune to unholy pain and torment.
You thrive by killing the living.


Message History

You punch the gnoll!
You kill the gnoll!
Makhleb accepts your kill.
The gnoll hits you but does no damage. x2; The gnoll closely misses you.
You hit the gnoll but do no damage. You block the gnoll's attack. x2
The gnoll closely misses you.
You hit the gnoll.
The gnoll is moderately wounded.
The gnoll hits you from afar with a +0 halberd.
The gnoll hits you with a +0 spear. You block the gnoll's attack.
You barely miss the gnoll.
The gnoll is moderately wounded.
The gnoll barely misses you. You block the gnoll's attack.
The gnoll hits you from afar with a +0 halberd.
* * * LOW HITPOINT WARNING * * *
You barely miss the gnoll.
The gnoll is moderately wounded.
You hit the gnoll but do no damage.
The gnoll is moderately wounded.
The gnoll closely misses you. The gnoll barely misses you.
The gnoll hits you from afar with a +0 halberd!
* * * LOW HITPOINT WARNING * * *
You hit the gnoll but do no damage.
The gnoll is moderately wounded.
You block the gnoll's attack. The gnoll hits you with a +0 spear!
* * * LOW HITPOINT WARNING * * *
The gnoll hits you but does no damage.
You punch the gnoll!
You kill the gnoll!
Makhleb accepts your kill.
You feel better. The gnoll misses you. The gnoll hits you but does no damage.
Found a stone staircase leading down.
The gnoll barely misses you. The gnoll hits you with a +0 halberd.
* * * LOW HITPOINT WARNING * * *
Things that are here:
a +0 spear; a gnoll corpse You hit the gnoll.
The gnoll is lightly wounded.
The gnoll hits you with a +0 halberd.
You die...

>.. ####..
##..... #.....
#..... #....#
#..gg# #..)@#
#######)#
#....)).#
#..#.##.......
#....##.......
#.#####.......
#...####......
#.....# ####..
#.....# ##


You could see 2 gnolls.

Vanquished Creatures
  Duvessa (D:4)
  4 water moccasins
  An orc warrior (D:7)
  A sky beast (D:7)
  2 centaurs
  2 elf zombies (Ossuary)
  4 bullfrogs
  3 scorpions
  A gnoll sergeant (D:7)
  Dowan (D:4)
  2 howler monkeys (D:4)
  2 centaur zombies (Ossuary)
  2 hounds
  2 orc priests (D:7)
  A sleepcap (D:5)
  3 iguanas
  3 orc wizards
  Ijyb (D:4)
  3 hound zombies (D:4)
  A hound skeleton (D:4)
  2 mummies (Ossuary)
  Robin (D:2)
  3 gnolls (D:7)
  7 adders
  A white imp (D:7)
  8 ufetubi
  An adder skeleton (D:4)
  4 adder zombies
  4 worms
  2 dart slugs
  14 orcs
  15 endoplasms
  2 giant cockroaches
  14 goblins
  6 hobgoblins
  8 jackals
  5 quokkas
  6 ball pythons
  5 bats
  4 frilled lizards
  4 goblin zombies (Ossuary)
  8 hobgoblin zombies (Ossuary)
  13 kobolds
  10 kobold zombies (Ossuary)
  9 orc zombies (Ossuary)
  12 rats
  A rat zombie (Ossuary)
209 creatures vanquished.

Vanquished Creatures (collateral kills)
  A hound (D:7)
  An iguana (D:7)
2 creatures vanquished.

Vanquished Creatures (others)
  A troll (D:7)
1 creature vanquished.

Grand Total: 212 creatures vanquished

Notes
Turn   | Place    | Note
-------+----------+-------------------------------------------
     0 | D:1      | gruber the Ghoul Monk began the quest for the Orb.
     0 | D:1      | Reached XP level 1. HP: 19/19 MP: 0/0
   149 | D:1      | Reached XP level 2. HP: 19/26 MP: 1/1
   181 | D:1      | Reached skill level 4 in Unarmed Combat
   450 | D:1      | Reached XP level 3. HP: 31/31 MP: 2/2
   985 | D:2      | Reached skill level 5 in Unarmed Combat
  1090 | D:2      | Noticed Robin
  1092 | D:2      | Reached XP level 4. HP: 31/38 MP: 3/3
  1098 | D:2      | Killed Robin
  1396 | D:2      | Reached skill level 6 in Unarmed Combat
  1740 | D:3      | Reached XP level 5. HP: 45/45 MP: 4/4
  1753 | D:3      | Found a basalt altar of Yredelemnul.
  2004 | D:3      | Found a bloodstained altar of Trog.
  2077 | D:3      | Found a sparkling altar of Nemelex Xobeh.
  2417 | D:4      | Found a sacrificial altar of Ru.
  2641 | D:4      | Reached skill level 7 in Unarmed Combat
  2641 | D:4      | Reached XP level 6. HP: 33/51 MP: 5/5
  2853 | D:4      | Found a sand-covered staircase.
  2874 | Ossuary  | Entered an ossuary
  3158 | Ossuary  | Reached skill level 8 in Unarmed Combat
  3380 | Ossuary  | Reached XP level 7. HP: 49/57 MP: 6/6
  3439 | Ossuary  | Reached skill level 9 in Unarmed Combat
  3626 | D:4      | Noticed Dowan
  3638 | D:4      | Noticed Duvessa
  3648 | D:4      | HP: 1/57 [Duvessa/+0 short sword (6)]
  3660 | D:4      | Killed Duvessa
  3666 | D:4      | Killed Dowan
  3926 | D:4      | Noticed Ijyb
  3931 | D:4      | Killed Ijyb
  3932 | D:4      | Reached skill level 10 in Unarmed Combat
  4040 | D:5      | Entered Level 5 of the Dungeon
  4057 | D:5      | Reached XP level 8. HP: 63/63 MP: 7/7
  4331 | D:5      | Reached skill level 5 in Fighting
  5920 | D:7      | Found a staircase to the Ecumenical Temple.
  5926 | Temple   | Entered the Ecumenical Temple
  5997 | Temple   | Became a worshipper of Makhleb the Destroyer
  5997 | Temple   | Reached * piety under Makhleb
  5997 | Temple   | Reached ** piety under Makhleb
  6109 | D:7      | Noticed a troll
  6123 | D:7      | Reached skill level 1 in Armour
  6123 | D:7      | Reached XP level 9. HP: 51/81 MP: 8/8
  6459 | D:7      | Reached skill level 5 in Armour
  6499 | D:7      | HP: 4/81 [gnoll/+0 halberd[a gnoll sergeant] (2)]
  6500 | D:7      | Slain by a gnoll

Illustrated notes

Levels and vault maps discovered:
D:1:      nicolae_arrival_somewhat_less_tricky_arrival, layout_rooms,
          minmay_misc_feat_alley, minmay_stone_trees_large,
          lexackson_kobold_supper
D:2:      layout_loops_ring, uniq_robin
D:3:      layout_basic, lightli_temple_of_fire,
          mainiacjoe_overflow_catwalk_spiral, nicolae_elyvilon_peaceful_grove,
          nicolae_concentric_dashed_squares_mild, minmay_joined_circles
D:4:      layout_loops_ring, hangedman_ru_absence,
          mainiacjoe_ossuary_entry_find_the_door, uniq_duvessa, uniq_ijyb
D:5:      layout_layer_cave, minmay_holes
D:6:      layout_basic, hangedman_decor_points
D:7:      cheibrodos_fzero, layout_basic, minmay_temple_entry_nine_rooms
Temple:   minmay_temple_bridge_d

Skill      XL: |  1  2  3  4  5  6  7  8  9 |
---------------+----------------------------+-----
Unarmed Combat | 4 5 6 7 8 10 | 10.0
Fighting       | 8 |  8.1
Armour         | 1 5 |  5.4
Dodging        | |  2.6

Action                     |  1- 3 |  4- 6 |  7- 9 || total
---------------------------+-------+-------+-------++-------
  Melee: Unarmed           |   107 |   242 |   218 ||   567
  Evoke: Wand              |       |       |     2 ||     2
    Use: Scroll            |       |     5 |     2 ||     7
         Potion            |       |       |     1 ||     1
 Armour: Robe              |    53 |   107 |    25 ||   185
         Ring mail         |       |       |   107 ||   107
  Dodge: Dodged            |    66 |   108 |   111 ||   285
  Block: Orb               |       |    17 |    57 ||    74
         Reflection        |       |       |     5 ||     5

Table legend: (Time is in decaauts)
 A = Elapsed time spent in this place.
 B = Non-inter-level travel time spent in this place.
 C = Inter-level travel time spent in this place.
 D = Time resting spent in this place.
 E = Time spent auto-exploring this place.
 F = Levels seen in this place.
 G = Mean time per level.
                   A        B        C        D        E       F      G
               +--------+--------+--------+--------+--------+-----+--------+
         Total |   6416 |   6032 |    384 |     42 |   4597 |   9 |  712.9 |
       Dungeon |   5616 |   5374 |    242 |      0 |   4343 |   7 |  802.3 |
        Temple |    142 |      1 |    141 |      0 |      0 |   1 |  142.0 |
       Ossuary |    657 |    657 |      0 |     42 |    254 |   1 |  657.0 |
               +--------+--------+--------+--------+--------+-----+--------+

Top non-repeatable levels by time:
     D:5: 1171 daAuts
     D:4: 950 daAuts
     D:1: 878 daAuts
     D:2: 831 daAuts
     D:3: 670 daAuts
 Ossuary: 657 daAuts
     D:6: 594 daAuts
     D:7: 520 daAuts
  Temple: 142 daAuts
